[Event "*** MasterClass Titled Tuesday Blitz"]
[Site "Chess.com"]
[Date "2017.09.05"]
[Round "7"]
[White "andreimacovei2000"]
[Black "Fandorine"]
[Result "1-0"]
[WhiteElo "2435"]
[BlackElo "2648"]
[TimeControl "180+2"]
[EndTime "14:42:35 PDT"]
[Termination "andreimacovei2000 won by resignation"]

1. d4 Nf6 2. c4 e6 3. Nc3 Bb4 4. Nf3 O-O 5. g4 d5 6. Qd3 c5 7. a3 Bxc3+ 8. bxc3 Nc6 9. Bg5 h6 10. Bxf6 Qxf6 11. h4 dxc4 12. Qxc4 cxd4 13. g5 Qf4 14. cxd4 Bd7 15. Qd3 Rfd8 16. Qe3 Qxe3 17. fxe3 h5 18. Bg2 Rac8 19. Kf2 Kf8 20. Rhc1 Ke7 21. Nd2 Na5 22. Bf3 b6 23. Bxh5 Rh8 24. Rxc8 Bxc8 25. Rc1 Bd7 26.
Bf3 Rxh4 27. Rc7 Rh2+ 28. Kg3 Rh8 29. Rxa7 Rc8 30. Be4 Rc3 31. Nf3 f6 32. Kf4 Kd6 33. Bd3 Rxa3 34. Ne5 Be8 35. Nf3 Bd7 36. e4 Ra4 37.
Rxd7+ Kxd7 38. Bb5+ Kd6 39. Bxa4 Nc4 40. gxf6 gxf6 41. e5+ fxe5+ 42. Nxe5 Na5 43. e4 Ke7 1-0

[Event "*** MasterClass Titled Tuesday Blitz"]
[Site "Chess.com"]
[Date "2017.09.05"]
[Round "7"]
[White "mwpchess"]
[Black "novocane"]
[Result "0-1"]
[WhiteElo "2427"]
[BlackElo "2170"]
[TimeControl "180+2"]
[EndTime "14:42:53 PDT"]
[Termination "novocane won on time"]

1. e4 c5 2. Nf3 Nc6 3. Bb5 Nf6 4. Bxc6 dxc6 5. d3 Bg4 6. h3 Bh5 7. Nc3 Nd7 8. g4 Bg6 9. Nh4 e6 10. Nxg6 hxg6 11. Qf3 Ne5 12. Qg2 Qf6 13. Be3 Nf3+ 14. Ke2 Nd4+ 15. Bxd4 cxd4 16. Nb1 O-O-O 17. Nd2 Bd6 18.
Qf3 Bf4 19. Nc4 g5 20. a4 Qe7 21. c3 f5 22. h4 dxc3 23. bxc3 Qd7 24. Rad1 Rhf8 25.
hxg5 Bxg5 26. Rh5 fxg4 27. Qxg4 Bh6 28. Re5 Rf6 29. Rh5 Rdf8 30. Rh2 Qc7 31. Rg2 Kb8 32. Qg3 Rf4 33. a5 a6 34. Rb1 Rxf2+ 35. Rxf2 Qxg3 36. Rxf8+ Kc7 37. Rf7+ Kd8 38. Rbxb7 Qg2+ 39. Ke1 Qg1+ 40. Ke2 Qg2+ 41. Rf2 Qg4+ 42. Kf1 Qd1+ 43. Kg2 Qg4+ 44.
Kf1 Qd1+ 0-1

[Event "*** MasterClass Titled Tuesday Blitz"]
[Site "Chess.com"]
[Date "2017.09.05"]
[Round "7"]
[White "AdrianaNikolova"]
[Black "Carolina-moon"]
[Result "1-0"]
[WhiteElo "2260"]
[BlackElo "2109"]
[TimeControl "180+2"]
[EndTime "14:42:54 PDT"]
[Termination "AdrianaNikolova won on time"]

1. e4 c5 2. Nf3 d6 3. d4 Nf6 4.
Nc3 cxd4 5. Nxd4 a6 6. Bg5 e6 7. f4 Be7 8. Qf3 Qc7 9. O-O-O Nbd7 10. g4 b5 11. Bxf6 Bxf6 12. Bxb5 Rb8 13. Ba4 O-O 14.
g5 Bxd4 15. Rxd4 Qb6 16. Rhd1 Qxb2+ 17. Kd2 Qa3 18. Bb3 Nc5 19. Ke2 Rd8 20. Rxd6 Rxd6 21.
Rxd6 Bb7 22. Rd4 Qb2 23. Qe3 Rc8 24. Qd2 h6 25. Rd8+ Rxd8 26. Qxd8+ Kh7 27. Qd4 Nxe4 28. Nb5 Qxd4 29. Nxd4 hxg5 30. fxg5 Kg6 31. h4 Kh5 32. Ke3 Kxh4 33. Nf3+ Kg3 34. Ne5 Nxg5 35. c4 f5 36. c5 f4+ 37. Kd3 Be4+ 38. Ke2 f3+ 39. Ke3 Bd5 40.
Bxd5 exd5 41. Nxf3 Nxf3 42. c6 1-0

[Event "*** MasterClass Titled Tuesday Blitz"]
[Site "Chess.com"]
[Date "2017.09.05"]
[Round "7"]
[White "PowerThinking2650"]
[Black "dhanushbharadwaj"]
[Result "1-0"]
[WhiteElo "2230"]
[BlackElo "2398"]
[TimeControl "180+2"]
[EndTime "14:42:58 PDT"]
[Termination "PowerThinking2650 won by resignation"]

1. e4 c6 2. d4 d5 3. Nc3 dxe4 4.
Nxe4 Bf5 5. Ng3 Bg6 6. h4 h6 7.
Nf3 e6 8. h5 Bh7 9. Bd3 Bxd3 10. Qxd3 Nf6 11. Bf4 Bd6 12. Ne5 O-O 13. O-O-O Nd5 14.
Bd2 Nd7 15. f4 c5 16. Ne4 Qc7 17. Nxd7 Qxd7 18. dxc5 Be7 19. c4 Nb6 20. Qxd7 Nxd7 21. Be3 Rfd8 22. Rd2 Nf6 23. Nxf6+ Bxf6 24. Rhd1 Rdc8 25.
b3 a5 26. Rd7 Rab8 27. g4 e5 28. g5 exf4 29. gxf6 fxe3 30. Rg1 Rxc5 31. Rxg7+ Kh8 32. Rdxf7 Rg5 33. Rxg5 hxg5 34. Re7 Rf8 35. f7 Kg7 36. Kd1 Rxf7 37. Rxf7+ Kxf7 38. Ke2 Kg7 39. a3 Kh6 40. b4 axb4 41. axb4 Kxh5 42. c5 Kh4 43. b5 g4 44. c6 g3 45. cxb7 g2 46. b8=Q g1=Q 47. Qh8+ 1-0

[Event "*** MasterClass Titled Tuesday Blitz"]
[Site "Chess.com"]
[Date "2017.09.05"]
[Round "7"]
[White "hypert"]
[Black "liquormark"]
[Result "1-0"]
[WhiteElo "2303"]
[BlackElo "2066"]
[TimeControl "180+2"]
[EndTime "14:43:05 PDT"]
[Termination "hypert won on time"]

1. d4 Nf6 2. c4 g6 3. Nc3 Bg7 4. e4 d6 5. h3 O-O 6. Bg5 h6 7. Be3 c5 8. d5 b5 9. cxb5 a6 10. a4 axb5 11. Bxb5 Ba6 12. Nf3 Qa5 13. O-O Nbd7 14.
Nd2 Bxb5 15. axb5 Qb4 16. Qc2 Ne5 17. Ra6 Rxa6 18. bxa6 Qa5 19. f4 Ned7 20. Qd3 Ra8 21. Nc4 Qxa6 22. Rd1 Rb8 23. e5 dxe5 24. fxe5 Ne8 25. e6 fxe6 26. Qxg6 Nf8 27. Qe4 Nf6 28. Qd3 exd5 29. Nxd5 Nxd5 30. Qxd5+ e6 31. Qe4 Rb4 32.
b3 Rxb3 33. Bxc5 Rb4 34. Bxb4 Qa4 35. Bxf8 Qxd1+ 36. Kh2 Bxf8 37. Qxe6+ Kh7 38. Qf7+ Bg7 39. Ne5 Qd6 40. Qf5+ Kh8 41. Qc8+ Kh7 42. Qf5+ Kh8 43. Qc8+ Bf8 44. Qf5 Kg8 45. Qg6+ Bg7 46. Qxd6 Bf8 47. Qe6+ 1-0

[Event "*** MasterClass Titled Tuesday Blitz"]
[Site "Chess.com"]
[Date "2017.09.05"]
[Round "7"]
[White "gkchesstiger"]
[Black "JSPrepz"]
[Result "0-1"]
[WhiteElo "2617"]
[BlackElo "2485"]
[TimeControl "180+2"]
[EndTime "14:43:06 PDT"]
[Termination "JSPrepz won by resignation"]

1. d4 Nf6 2. Nf3 d5 3. Bf4 c5 4. e3 Nc6 5. Nbd2 cxd4 6. exd4 Bf5 7. c3 e6 8. Qb3 Bd6 9. Bg3 Rb8 10. Be2 O-O 11. O-O b5 12. a3 Bxg3 13. hxg3 Qd6 14.
Rfe1 Rfc8 15. Qa2 a5 16. b4 Ne4 17. Qb2 Nxd2 18. Nxd2 axb4 19. axb4 Nxd4 20. Bd1 Nc6 21.
Nb3 Ne5 22. Be2 Bd3 23. Nc5 Nc4 24. Qc1 Bxe2 25. Rxe2 Ra8 26. Rea2 Rxa2 27. Rxa2 d4 28. cxd4 Qxd4 29. Ra7 Rd8 30. Qg5 h6 31. Qe7 Qd1+ 32.
Kh2 Qh5+ 33. Qh4 Qxh4+ 34. gxh4 Rd2 35. Kg1 Rb2 36. Nd3 Rb3 37. Ra8+ Kh7 38. Rd8 Rb1+ 39. Kh2 Rd1 40. Rd7 Nb2 41. Ne5 Rxd7 42. Nxd7 Nd3 43. Kg3 Nxb4 44. Kf3 Nd5 45. Ke4 b4 46. Nc5 Kg6 47. g3 Kh5 48. Kf3 Kg6 49. Ke4 Kf6 50.
Nb3 Ke7 51. Ke5 f6+ 52. Kd4 Kd6 53. Nd2 e5+ 54. Kc4 f5 55. Nf3 Ke6 56. Nd2 e4 57.
Nb3 Ke5 58. Nc5 Nc3 59. Kxb4 Nd1 60. Nd7+ Kd6 61. Nf8 Nxf2 62. Kc4 e3 63. Kc3 Kd5 64. Ng6 Ke4 0-1

[Event "*** MasterClass Titled Tuesday Blitz"]
[Site "Chess.com"]
[Date "2017.09.05"]
[Round "7"]
[White "josiwales"]
[Black "abubakrtagelsir"]
[Result "0-1"]
[WhiteElo "2319"]
[BlackElo "2226"]
[TimeControl "180+2"]
[EndTime "14:43:10 PDT"]
[Termination "abubakrtagelsir won on time"]

1. e4 d6 2. d4 Nf6 3. Nc3 g6 4. f4 Bg7 5. Nf3 c5 6. dxc5 Qa5 7. Bd3 Qxc5 8. Qe2 Bg4 9. Be3 Qa5 10. O-O Nc6 11.
h3 Bxf3 12. Rxf3 O-O 13. a3 Nd7 14. Qe1 Bxc3 15. bxc3 Rac8 16. g4 Nc5 17. h4 Na4 18. Bd2 Qc5+ 19. Kg2 Na5 20. h5 Nc4 21. hxg6 fxg6 22.
f5 Ne5 23. Rh3 Nxg4 24. Qh4 h5 25. Qg5 Rf6 26. Rf1 Kf8 27. Rhf3 Ne5 28. Qh6+ Ke8 29. Rg3 Kd7 30. Qg7 Rcf8 31. Bg5 R6f7 32. Qh6 Nxc3 33. Be3 Qa5 34. Rxg6 Nxg6 35. Qxg6 Qd8 36. Qe6+ Kc7 37. Bd4 Rg8+ 38. Kh2 Rff8 39. Bxc3 Rg4 40. Kh3 Rfg8 41. Rf3 Rg1 42. Kh2 R1g2+ 43. Kh3 Rg1 44. Rf2 Qf8 45. Qc4+ Kb8 46. e5 Qh6 47. Qe4 R8g4 48. Qe2 Qg5 0-1

[Event "*** MasterClass Titled Tuesday Blitz"]
[Site "Chess.com"]
[Date "2017.09.05"]
[Round "7"]
[White "Art10ECHR"]
[Black "MartinMatthiesen"]
[Result "1/2-1/2"]
[WhiteElo "2234"]
[BlackElo "2317"]
[TimeControl "180+2"]
[EndTime "14:43:13 PDT"]
[Termination "Game drawn - insufficient material"]

1. e4 e5 2. Nf3 Nc6 3. Nc3 Nf6 4. d4 exd4 5. Nxd4 Bb4 6. Nxc6 bxc6 7. Bd3 d5 8. exd5 O-O 9. O-O cxd5 10. h3 c6 11. Qf3 Bd6 12. Bg5 Rb8 13. Rab1 h6 14. Bxf6 Qxf6 15. Qxf6 gxf6 16. Rfe1 Be6 17. Ne2 c5 18. Ng3 c4 19. Bf5 Be5 20. b3 Rfc8 21. bxc4 Rxb1 22. Rxb1 Rxc4 23. Rb7 Bxg3 24. Bxe6 Bxf2+ 25. Kxf2 fxe6 26. Rxa7 Rxc2+ 27. Kf3 e5 28. a4 Rc3+ 29.
Kg4 d4 30. Kf5 d3 31. g4 Rc4 32. Kg6 Kf8 33. Kxf6 Ke8 34. Re7+ Kf8 35. Ra7 Kg8 36. Kxe5 Rd4 37. Ra8+ Kg7 38. Ra7+ Kg6 39. h4 Rxg4 40. Rd7 Rxh4 41. a5 Ra4 42. Rxd3 h5 43. a6 h4 44. a7 Kg5 45. Rd7 h3 46. Rh7 Kg4 47. Kd6 Kg3 48. Kc6 h2 49. Kb7 Rb4+ 50. Kc8 Ra4 51. Kb8 Kg2 52. Rxh2+ Kxh2 53. a8=Q Rxa8+ 54. Kxa8 1/2-1/2

[Event "*** MasterClass Titled Tuesday Blitz"]
[Site "Chess.com"]
[Date "2017.09.05"]
[Round "7"]
[White "temiksmozg"]
[Black "gmcorrales"]
[Result "1-0"]
[WhiteElo "2443"]
[BlackElo "2654"]
[TimeControl "180+2"]
[EndTime "14:43:22 PDT"]
[Termination "temiksmozg won by checkmate"]

1. d4 Nf6 2. c4 e6 3. Nf3 Bb4+ 4. Nbd2 d5 5. Qa4+ Nc6 6. e3 O-O 7. a3 Be7 8. Qc2 a5 9. b3 Re8 10. Bb2 Bd7 11. Bd3 Bf8 12. O-O Ne7 13. Ne5 Ng6 14. Nxd7 Qxd7 15. Rfd1 c6 16. Bf1 Bd6 17. g3 h5 18. Nf3 h4 19. Bd3 Nf8 20. Nxh4 e5 21. dxe5 Bxe5 22. Nf3 Bxb2 23. Qxb2 Qg4 24. Kg2 Rad8 25.
h3 Qh5 26. cxd5 Rxd5 27. Qe2 Qh6 28. a4 Rh5 29. h4 Ng4 30. Re1 g5 31. Rh1 gxh4 32.
Rxh4 Nxe3+ 33. fxe3 Rxe3 34. Qf1 Rxh4 35. Nxh4 Ne6 36. Nf5 Qg5 37. Nxe3 Qxe3 38. Re1 Qd2+ 39. Kh1 Qh6+ 40. Kg1 Qd2 41. Qe2 Qc3 42. Kh2 Kf8 43.
Rf1 Qxb3 44. Bc4 Qxa4 45. Bxe6 Ke7 46. Rxf7+ Kd6 47. Rd7+ Kc5 48. Qe5+ Kb6 49. Qc7+ Kc5 50. Qd6+ Kb6 51. Qd4+ Qxd4 52. Rxd4 Kc5 53. Rd7 b5 54.
g4 a4 55. g5 b4 56. g6 Kb6 57. g7 b3 58. g8=Q b2 59. Qg1+ Kb5 60. Rb7+ Ka6 61. Qb6# 1-0

[Event "*** MasterClass Titled Tuesday Blitz"]
[Site "Chess.com"]
[Date "2017.09.05"]
[Round "7"]
[White "Fianchettoed-Tower"]
[Black "Iball95"]
[Result "1-0"]
[WhiteElo "2391"]
[BlackElo "2563"]
[TimeControl "180+2"]
[EndTime "14:43:28 PDT"]
[Termination "Fianchettoed-Tower won on time"]

1. d4 e6 2. Nf3 c5 3. c3 Nf6 4. Bf4 d5 5. e3 Nc6 6. Nbd2 Bd6 7. Bg3 O-O 8. Bd3 b6 9. Ne5 Ne7 10. f4 Bb7 11. Qb1 Ng6 12. O-O Nh5 13. Bf2 f5 14.
Ndf3 Nf6 15. Nxg6 hxg6 16. Ng5 Qe7 17. Bh4 c4 18. Bc2 b5 19. Qe1 Qd7 20. Qg3 a5 21. Qh3 Rfb8 22. Rf3 Kf8 23. Rg3 Nh5 24. Bd1 Nxg3 25.
Bxg3 Ke7 26. Qh7 Rg8 27. Qxg6 Raf8 28. Bh4 Kd8 29. Nxe6+ Kc8 30. Nxf8 Rxf8 31. Bc2 Kc7 32. a3 Bc8 33. Re1 Re8 34. Bd1 Bb7 35. Bh5 Rf8 36.
g4 fxg4 37. Bxg4 Qc6 38. Qxg7+ Kb6 39. Qd7 Rg8 40. Qxc6+ Bxc6 41. Bg5 b4 42. axb4 axb4 43. h4 b3 44. Kf2 Be8 45. Be6 Rf8 46. Bxd5 Kb5 47.
Kg3 Bg6 48. e4 Bc7 49. Kg4 Rh8 50. f5 Bh5+ 51. Kh3 Rf8 52. Be6 Re8 53. e5 Bb6 54. Kg3 Bc7 55. Kf4 Bb6 56. Bd7+ 1-0

[Event "*** MasterClass Titled Tuesday Blitz"]
[Site "Chess.com"]
[Date "2017.09.05"]
[Round "7"]
[White "W_Amadeus"]
[Black "GrigorGrigorov"]
[Result "0-1"]
[WhiteElo "2417"]
[BlackElo "2612"]
[TimeControl "180+2"]
[EndTime "14:43:36 PDT"]
[Termination "GrigorGrigorov won by resignation"]

1. d4 Nf6 2. c4 e6 3. Nf3 b6 4.
g3 Bb7 5. Bg2 Be7 6. O-O O-O 7.
Nc3 Ne4 8. Bd2 Bf6 9. Be1 Nxc3 10. Bxc3 Be4 11. Rc1 d6 12. e3 Nd7 13. Qe2 Qe7 14. Rfd1 Rfd8 15. Nh4 Bxg2 16. Nxg2 c5 17. dxc5 dxc5 18.
Nf4 Bxc3 19. Rxc3 Ne5 20. Rcc1 Qb7 21. Rxd8+ Rxd8 22. Rd1 Rxd1+ 23. Qxd1 h6 24. h4 Qe4 25. b3 Kh7 26. Kf1 g5 27. hxg5 Qh1+ 28. Ke2 Qf3+ 29. Ke1 hxg5 30. Qxf3 Nxf3+ 31. Ke2 Ng1+ 32. Kf1 gxf4 33.
Kxg1 fxe3 34. fxe3 Kg6 35. Kf2 Kf5 36. Kf3 Ke5 37. g4 f6 38. e4 Kd4 39. Kf4 a6 40. a3 b5 41. e5 fxe5+ 42. Kf3 Kd3 43. Kf2 bxc4 44. bxc4 Ke4 45. Kg3 Kd3 46. Kf2 e4 47. Ke1 Kd4 48. Ke2 e3 49. g5 Ke5 50.
Kxe3 Kf5 51. Kf3 Kxg5 52. Ke4 Kf6 53. Kf4 e5+ 54. Kg4 Kg6 55. Kg3 Kf5 56. Kf3 e4+ 57. Ke3 Ke5 0-1

[Event "*** MasterClass Titled Tuesday Blitz"]
[Site "Chess.com"]
[Date "2017.09.05"]
[Round "7"]
[White "MyleneFarmer"]
[Black "Rokis13"]
[Result "0-1"]
[WhiteElo "2419"]
[BlackElo "2363"]
[TimeControl "180+2"]
[EndTime "14:43:39 PDT"]
[Termination "Rokis13 won on time"]

1. b3 e5 2. Bb2 Nc6 3. e3 g6 4. Nf3 Bg7 5. d4 exd4 6. Nxd4 Nxd4 7. Bxd4 Nf6 8. g4 O-O 9. h4 d5 10. g5 Nh5 11. Be2 Bxd4 12. Qxd4 Ng7 13. Nc3 c6 14. O-O-O Qe7 15. h5 Qxg5 16. Rdg1 Qe7 17. Bd3 Bf5 18.
Bxf5 Nxf5 19. Qd3 Ng7 20. Ne2 a5 21. Nf4 a4 22. hxg6 fxg6 23. Nxg6 hxg6 24. Qxg6 Qf6 25.
Qh7+ Kf7 26. Kd2 axb3 27. Rh6 Qe5 28. Rhg6 Rg8 29. R6g5 Qf6 30. axb3 d4 31. Rf5 dxe3+ 32. fxe3 Rad8+ 33. Ke2 Qxf5 34. Rxg7+ Rxg7 35. Qxf5+ Ke8 36. Qe6+ Re7 37. Qg4 Rd5 38. Qc8+ Kf7 39. c4 Rde5 40. Kd2 Rxe3 41. Qf5+ Ke8 42. Qc8+ Kf7 43. Qf5+ Ke8 44.
b4 R3e6 45. b5 cxb5 46. cxb5 Kd8 47. Kc3 Re5 48. Qf8+ Kc7 49. Qf4 Kb6 50. Qb4 Rc7+ 51. Kd4 Rxb5 52. Qd6+ Rc6 53. Qd8+ Ka7 54. Qf8 Ra5 55.
Qe8 Rf5 0-1

[Event "*** MasterClass Titled Tuesday Blitz"]
[Site "Chess.com"]
[Date "2017.09.05"]
[Round "7"]
[White "Blitzking4444"]
[Black "tomsishere"]
[Result "0-1"]
[WhiteElo "2090"]
[BlackElo "2295"]
[TimeControl "180+2"]
[EndTime "14:43:51 PDT"]
[Termination "tomsishere won by checkmate"]

1. e4 c5 2. Nf3 e6 3. d4 cxd4 4. Nxd4 Nc6 5. Nc3 Qc7 6. Be3 a6 7. Qd2 Nf6 8. f4 Bb4 9. Bd3 Na5 10. a3 Bxc3 11. Qxc3 Qxc3+ 12. bxc3 d5 13. e5 Ne4 14.
Nb3 Nc4 15. Bxc4 dxc4 16. Na5 Bd7 17. Bd4 Rc8 18. Rb1 b5 19. Ke2 Ke7 20. Ke3 f5 21.
exf6+ Nxf6 22. g3 Rhf8 23. Rhe1 Ng4+ 24. Ke4 Be8 25. Bxg7 Rg8 26. Bd4 Bg6+ 27. Kf3 Nxh2+ 28. Kg2 Ng4 29. Re2 h5 30. Rbe1 Bf5 31. Rh1 Nf6 32. Bxf6+ Kxf6 33. Rxh5 Bg4 34. Rh6+ Kg7 35. Rexe6 Bxe6 36. Rxe6 Rcd8 37. Re2 Kf6 38. Nc6 Rd1 39. Rf2 Ra1 40.
Kf3 Rxa3 41. g4 Rxc3+ 42. Ke4 Rxg4 43. Ne5 Rg8 44. f5 Re8 45. Kd4 Rxe5 46. Kxc3 Rxf5 47.
Rd2 Re5 48. Rd6+ Re6 49. Rd5 Ke7 50. Kb4 Rd6 51. Re5+ Kd7 52. Ka5 Rf6 53. Rg5 Kc7 54. Rg7+ Kc6 55. Kxa6 Kc5+ 56. Ka5 Rf2 57. Rg5+ Kd4 58. Rxb5 Rxc2 59. Rb8 Ra2+ 60. Kb4 Rb2+ 61. Ka3 Rxb8 62. Ka2 c3 63. Ka1 c2 64. Ka2 c1=R 65. Ka3 Ra1# 0-1

[Event "*** MasterClass Titled Tuesday Blitz"]
[Site "Chess.com"]
[Date "2017.09.05"]
[Round "7"]
[White "michaelq2d5"]
[Black "VSERGUEI"]
[Result "1/2-1/2"]
[WhiteElo "2630"]
[BlackElo "2575"]
[TimeControl "180+2"]
[EndTime "14:43:52 PDT"]
[Termination "Game drawn by repetition"]

1. d4 d5 2. c4 c6 3. Nc3 Nf6 4.
e3 a6 5. Nf3 b5 6. b3 Bg4 7.
Be2 e6 8. h3 Bf5 9. g4 Ne4 10.
Bd2 Nxc3 11. Bxc3 Be4 12. Bd3 Bxd3 13. Qxd3 Nd7 14. Rc1 Be7 15. O-O O-O 16. e4 Rc8 17. Bb2 dxc4 18. bxc4 Nc5 19. Qe3 Na4 20. Ba1 Nb6 21.
cxb5 cxb5 22. Ne5 Nc4 23. Nxc4 bxc4 24. Qe2 Qc7 25. Rc2 Bg5 26. e5 Bf4 27. Qe4 g5 28. h4 h6 29. Rc3 Qc6 30. Qxc6 Rxc6 31. Rb1 Rd8 32. Rc2 Rd5 33. Bc3 Rb5 34. Rd1 gxh4 35. Kg2 Kg7 36. Kf3 Bg5 37. Ke4 Be7 38.
f4 a5 39. f5 Bb4 40. Rb1 Rcb6 41. Ba1 c3 42. a4 Rd5 43. Bxc3 Rc6 44. Rbc1 Bxc3 45. Rxc3 Rb6 46. Rc4 Rb3 47. R1c3 Rb1 48. Rh3 Re1+ 49. Kd3 Rexe5 50. fxe6 Rxe6 51. Rxh4 Rg6 52. Rc5 Rd7 53. Kc4 Rb6 54. Rxa5 Rb1 55. d5 Rc1+ 56. Kd4 Rd1+ 57. Kc5 Rc1+ 58. Kb6 Rd6+ 59. Kb7 Rd7+ 60. Kb6 Rd6+ 61. Kb7 Rd7+ 62. Kb6 1/2-1/2

[Event "*** MasterClass Titled Tuesday Blitz"]
[Site "Chess.com"]
[Date "2017.09.05"]
[Round "7"]
[White "Alohamora11"]
[Black "Scott-fox21"]
[Result "0-1"]
[WhiteElo "2095"]
[BlackElo "2181"]
[TimeControl "180+2"]
[EndTime "14:44:03 PDT"]
[Termination "Scott-fox21 won on time"]

1. e4 c5 2. Nf3 d6 3. Bb5+ Nc6 4.
O-O g6 5. Re1 Bg7 6. c3 Bg4 7. h3 Bxf3 8. Qxf3 Nf6 9. d4 O-O 10.
Bxc6 bxc6 11. dxc5 dxc5 12. Be3 Qb6 13. b3 Nd7 14. Rc1 Qb5 15. Na3 Qd3 16. Nc4 Ne5 17.
Nxe5 Bxe5 18. Bxc5 Qxf3 19. gxf3 Rfe8 20. Bd4 Bf4 21.
Be3 Be5 22. f4 Bg7 23. Bd4 Bh6 24. Be3 e5 25. f5 Bxe3 26. fxe3 Red8 27. Rd1 Kg7 28.
Kf2 Kf6 29. fxg6 hxg6 30. b4 Ke6 31. a4 Rh8 32. Kg2 Rh4 33. b5 cxb5 34. axb5 Rxe4 35. Ra6+ Ke7 36. b6 Rxe3 37. Rxa7+ Rxa7 38. bxa7 Re2+ 39. Kf3 Ra2 40. Rd5 Ke6 41. a8=Q Rxa8 42. Rb5 Ra3 43.
Rc5 f5 44. h4 Kd6 45. Rc8 Kd7 46. Rc5 Kd6 47. Rc8 Ra4 48. Kg3 Rg4+ 49. Kh3 e4 50.
Rd8+ Ke7 51. Rd4 e3 52. Rxg4 fxg4+ 53. Kg2 Kd6 54. Kf1 g3 55. c4 Kc5 56. h5 gxh5 57. Kg1 Kxc4 58. Kf1 Kd4 59. Kg1 e2 60. Kg2 e1=Q 61.
Kh3 Qh1+ 62. Kxg3 Qf1 63. Kh2 Qf3 64. Kg1 Qe2 65. Kh1 Ke4 0-1

[Event "*** MasterClass Titled Tuesday Blitz"]
[Site "Chess.com"]
[Date "2017.09.05"]
[Round "7"]
[White "Rodalquilar"]
[Black "workhard91"]
[Result "0-1"]
[WhiteElo "2492"]
[BlackElo "2308"]
[TimeControl "180+2"]
[EndTime "14:44:09 PDT"]
[Termination "workhard91 won by resignation"]

1. d4 Nf6 2. Bg5 d5 3. Nd2 c5 4. dxc5 Qa5 5. c3 Qxc5 6. Ngf3 Ng4 7. e3 h6 8. Bf4 g5 9. Bg3 Bg7 10. h3 Nf6 11. Be5 O-O 12. Nb3 Qc6 13. Bd3 b6 14.
Nfd4 Qb7 15. Nf5 Bxf5 16. Bxf5 e6 17. Bc2 Nbd7 18. Bh2 Rad8 19. O-O e5 20. Bf5 Rfe8 21. Qf3 Nc5 22. Rfd1 e4 23. Qe2 Nd3 24. Nc1 Ne5 25. a4 a6 26. a5 b5 27. Na2 Nd3 28. Nb4 Nxb4 29. cxb4 d4 30. exd4 Qd5 31. Bg4 Nxg4 32.
Qxg4 Bxd4 33. h4 e3 34. fxe3 Rxe3 35. Kh1 Re4 36. Qf3 Rxh4 37. Qxd5 Rxd5 38. g3 Re4 39.
Bg1 f5 40. Rd3 Bxb2 41. Rxd5 Bxa1 42. Rxf5 Rxb4 43. Rd5 Ra4 44. Bb6 Bc3 45. Rd8+ Kf7 46. Rd7+ Ke6 47. Rh7 Bxa5 48. Rxh6+ Kf5 49. Bc5 Bc3 50.
Rc6 b4 51. Rb6 a5 52. Rb5 Kg4 53. Be7 Kxg3 54. Rxg5+ Kh3 55. Rh5+ Kg4 56. Rg5+ Kf3 57. Rb5 Ra1+ 58. Kh2 Ke4 59. Kg2 Kd3 60. Kf3 Kc4 61.
Rc5+ Kb3 62. Bd8 a4 63. Ke4 a3 64. Ra5 Re1+ 65. Kf3 a2 0-1

[Event "*** MasterClass Titled Tuesday Blitz"]
[Site "Chess.com"]
[Date "2017.09.05"]
[Round "7"]
[White "ditkin25"]
[Black "Adham_Fawzy"]
[Result "0-1"]
[WhiteElo "2227"]
[BlackElo "2394"]
[TimeControl "180+2"]
[EndTime "14:44:26 PDT"]
[Termination "Adham_Fawzy won by resignation"]

1. e4 c5 2. Nf3 Nc6 3. Nc3 d6 4. d4 cxd4 5. Nxd4 e5 6. Nb3 Be6 7. Nd5 Nf6 8. Bg5 Be7 9. Bxf6 Bxf6 10. c3 O-O 11. Be2 Bg5 12. O-O g6 13. f4 exf4 14. Nxf4 Qb6+ 15. Kh1 Bxb3 16. axb3 Bxf4 17. Rxf4 Ne5 18.
Qd5 Kg7 19. Rd1 Rad8 20. b4 Qe3 21. Qd2 Qxd2 22. Rxd2 a6 23. Kg1 Rd7 24. Rf1 Rfd8 25. Rfd1 Kf6 26. Kf2 Ke7 27. Ke3 Rc7 28. Rd5 b5 29.
Ra1 Rc6 30. Rdd1 Ke6 31. Rd5 f5 32. exf5+ Kxd5 33. Rd1+ Nd3 34. Bf3+ Ke5 35. Bxc6 Nxb2 36. Rd5+ Kf6 37. fxg6 hxg6 38. Bb7 Nc4+ 39. Kf2 Ke6 40. Rg5 Ne5 41. h4 Rb8 42. Be4 Kf6 43. Rg3 Rf8 44. Ke3 Rh8 45. Rh3 Rc8 46. Kd2 d5 47.
Bc2 Rc4 48. h5 gxh5 49. Rxh5 d4 50. cxd4 Rxd4+ 51. Kc3 Rc4+ 52. Kb3 Rg4 53. Rh6+ Ke7 54. Rxa6 Rg3+ 55. Kb2 Nc4+ 56. Ka2 Rxg2 57. Kb3 Rg3+ 58.
Ka2 Kd7 59. Rh6 Ra3+ 60. Kb1 Rc3 61. Rg6 Ne3 62. Be4 Rb3+ 63. Ka2 Rxb4 64. Ka3 Rxe4 65. Rb6 Nc4+ 66. Kb4 Nxb6+ 67. Kxb5 0-1

[Event "*** MasterClass Titled Tuesday Blitz"]
[Site "Chess.com"]
[Date "2017.09.05"]
[Round "7"]
[White "nonscitis"]
[Black "champ2005"]
[Result "1/2-1/2"]
[WhiteElo "2421"]
[BlackElo "2479"]
[TimeControl "180+2"]
[EndTime "14:45:12 PDT"]
[Termination "Game drawn by repetition"]

1. e4 c6 2. Nc3 d5 3. Nf3 Nf6 4. Qe2 dxe4 5. Nxe4 Nxe4 6. Qxe4 Nd7 7. Bc4 Nf6 8. Ne5 e6 9. Qe2 Bd6 10. d4 h6 11. O-O O-O 12. Rd1 Qc7 13. Bf4 b6 14. Qf3 Nd5 15. Bg3 Bb7 16. Bxd5 cxd5 17. c3 f6 18. Ng6 Rfe8 19. Bxd6 Qxd6 20. Nh4 g5 21. Qh5 Qe7 22. Nf3 Kg7 23. Re1 Qf7 24. Qxf7+ Kxf7 25. Re3 a6 26. Rae1 Rac8 27. h4 Bc6 28. g3 Bd7 29. Nd2 a5 30. f3 gxh4 31. gxh4 Rg8+ 32. Kf2 Rg7 33. Rg1 Rcg8 34. Ree1 Rxg1 35. Rxg1 Rxg1 36. Kxg1 e5 37. Kf2 Ke6 38. Kg3 Kd6 39. Nf1 f5 40.
f4 e4 41. Ne3 Ke6 42. Kf2 b5 43. b4 a4 44. a3 Bc6 45. Nf1 Be8 46. Ng3 Kf6 47. Nf1 Kg6 48. Kg3 Bf7 49. Ne3 Be6 50. Ng2 Kf6 51. Ne1 Bf7 52. Nc2 Bh5 53. Ne3 Ke6 54. Kf2 Be8 55. Nd1 Kf6 56. Ne3 Bf7 57. Kg3 Ke6 58. Ng2 Bh5 59. Ne3 Bf3 60. Kf2 Bh5 61.
Kg3 Bf7 62. Kf2 Kf6 63. Kg3 Be6 64. Nf1 Kg6 65. Ne3 Kh5 66. Nf1 Kg6 67. Ne3 Kf6 68.
Ng2 Bf7 69. Ne3 Ke6 70. Ng2 Bh5 71. Ne3 Bf3 72. Kf2 Bg4 73. Kg3 Bh5 74. Kf2 Bg6 75.
Kg3 Bf7 1/2-1/2

[Event "*** MasterClass Titled Tuesday Blitz"]
[Site "Chess.com"]
[Date "2017.09.05"]
[Round "7"]
[White "MITerryble"]
[Black "Aariow"]
[Result "1/2-1/2"]
[WhiteElo "2683"]
[BlackElo "2378"]
[TimeControl "180+2"]
[EndTime "14:45:31 PDT"]
[Termination "Game drawn - insufficient material"]

1. d4 d5 2. Nf3 Nf6 3. c4 c6 4. Nc3 Bf5 5. Bg5 dxc4 6. Bxf6 exf6 7.
e4 Bg4 8. Bxc4 Be7 9. Qb3 O-O 10.
Qxb7 Nd7 11. Bb3 Nb6 12. Qa6 Bxf3 13. gxf3 Qxd4 14. O-O Qe5 15. Ne2 Bd6 16. Ng3 h5 17.
Rfd1 h4 18. Nf1 Qg5+ 19. Kh1 Bf4 20. Qe2 Rad8 21. Ne3 Bxe3 22. Qxe3 Rxd1+ 23. Rxd1 Re8 24. Qc3 Qf4 25. Rg1 g5 26. Rg4 Qe5 27. Qxc6 Rc8 28. Qb7 Rc7 29. Qb8+ Kg7 30. Rg1 Nd7 31. Qd8 Nc5 32.
Qd5 Nxb3 33. axb3 Qxb2 34. e5 Qxe5 35. Qxe5 fxe5 36. Rxg5+ Kf6 37. Rh5 Rc3 38. Kg2 Rxb3 39. Rxh4 a5 40. Ra4 Rb5 41. f4 Kf5 42. fxe5 Kxe5 43.
h4 Kf5 44. Kg3 Kg6 45. f3 Kh5 46. Rc4 Rf5 47. Ra4 Rb5 48. Rc4 Rd5 49. Rc7 Kg6 50.
Ra7 f6 51. Kg4 Rd4+ 52. f4 f5+ 53. Kg3 Rd3+ 54. Kf2 Kh5 55. Rxa5 Kg4 56. h5 Rf3+ 57. Kg2 Rg3+ 58. Kf2 Rh3 59. Ra4 Rxh5 60. Kg2 Rh3 61. Kf2 Rf3+ 62. Kg2 Rg3+ 63. Kf2 Rb3 64. Kg2 Rb2+ 65.
Kf1 Kf3 66. Ke1 Rb1+ 67. Kd2 Rf1 68. Kd3 Kg4 69. Ke3 Rf3+ 70. Ke2 Kg3 71. Ke1 Rb3 72. Ke2 Rb2+ 73. Ke3 Rb3+ 74. Ke2 Rf3 75. Ke1 Kg2 76. Ke2 Kg3 77. Ke1 Re3+ 78. Kd2 Kf3 79. Ra5 Kxf4 80. Rxf5+ Kxf5 81. Kxe3 1/2-1/2